 Dungeon Crawl Stone Soup version 0.20-a0-1086-g4bd2f5b (webtiles) character file.

13276 bewbie the Basher (level 12, -4/104 HPs)
             Began as an Ogre Hunter on May 1, 2017.
             Was an Elder of Okawaru.
             Engulfed by an ice statue's freezing vapour (9 damage)
             ... in an ice cave.
             The game lasted 00:40:07 (18295 turns).

bewbie the Basher (Ogre Hunter)                    Turns: 18295, Time: 00:40:08

Health: -4/104     AC:  3    Str: 19    XL:     12   Next: 4%
Magic:  12/12      EV: 22    Int: 14    God:    Okawaru [****..]
Gold:   657        SH:  0    Dex: 17    Spells: 11/11 levels left

rFire    + . .     SeeInvis .   a - +1 flail (drain)
rCold    + . .     Gourm    .   (no shield)
rNeg     + . .     Faith    .   N - +0 robe {rN+}
rPois    .         Spirit   .   (helmet restricted)
rElec    .         Reflect  .   (no cloak)
rCorr    .         Harm     .   (gloves unavailable)
MR       +....                  (boots unavailable)
Stlth    ++........             E - amulet of Generosity {RegenMP rF+ Int+2 Dex+4 Slay+3}
Regen    0.3/turn               h - ring of protection from cold
MPRegen  0.2/turn               x - +5 ring of evasion

@: no status effects
A: unfitting armour, tough skin 1
a: Heroism, Renounce Religion


You were in an ice cave.
You worshipped Okawaru.
Okawaru was greatly pleased with you.
You were hungry.

You visited 2 branches of the dungeon, and saw 12 of its levels.
You also visited: Ice Cave.

You collected 657 gold pieces.

Inventory:

Hand Weapons
 a - a +1 flail of draining (weapon)
 S - a +0 blowgun
Missiles
 c - 9 large rocks (quivered)
 d - a throwing net
 o - 235 stones
 O - 13 tomahawks
 T - 4 poisoned needles
Armour
 i - a +0 troll leather armour
 N - a +0 robe of positive energy (worn)
Jewellery
 e - an uncursed amulet of guardian spirit
 h - a ring of protection from cold (left hand)
 j - an uncursed ring of see invisible
 x - a +5 ring of evasion (right hand)
 E - the amulet of Generosity (around neck) {RegenMP rF+ Int+2 Dex+4 Slay+3}
   (You found it on level 4 of the Dungeon)

   [amulet of magic regeneration]

   It increases your magic regeneration.
   It affects your intelligence (+2).
   It affects your dexterity (+4).
   It affects your accuracy and damage with ranged weapons and melee attacks
   (+3).
   It protects you from fire.
Wands
 w - a wand of polymorph (9/24)
 L - a wand of iceblast (6/15)
 P - a wand of flame (0/48)
 Q - a wand of iceblast (10/15)
 V - a wand of confusion (29/48)
 X - a wand of flame (23/48)
 Y - a wand of disintegration (18/24)
Scrolls
 k - 13 scrolls of identify
 l - 2 scrolls of amnesia
 q - a scroll of remove curse
 r - a scroll of noise {unknown}
 u - 3 scrolls of teleportation {unknown}
 z - a scroll of fog {unknown}
 A - a scroll of fear
 B - 2 scrolls of magic mapping {unknown}
 F - a scroll of immolation {unknown}
 G - a scroll of recharging {unknown}
Potions
 g - a potion of berserk rage {unknown}
 m - a potion of cancellation
 n - 8 potions of curing
 p - a potion of might {unknown}
 t - 2 potions of lignification {unknown}
 v - a potion of brilliance {unknown}
 R - 2 potions of haste {unknown}
 U - a potion of flight {unknown}
 W - a potion of agility {unknown}
Books
 b - a book of Flames

   Spells                             Type                      Level
   a - Flame Tongue                   Conjuration/Fire             1
   b - Throw Flame                    Conjuration/Fire             2
   c - Conjure Flame                  Conjuration/Fire             3
   d - Inner Flame                    Hexes/Fire                   3
   e - Sticky Flame                   Conjuration/Fire             4
   f - Fireball                       Conjuration/Fire             5
 y - a book of Changes

   Spells                             Type                      Level
   a - Beastly Appendage              Transmutation                1
   b - Sticks to Snakes               Transmutation                2
   c - Spider Form                    Transmutation/Poison         3
   d - Ice Form                       Ice/Transmutation            4
   e - Blade Hands                    Transmutation                5
 H - a book of Necromancy

   Spells                             Type                      Level
   a - Pain                           Necromancy                   1
   b - Animate Skeleton               Necromancy                   1
   c - Vampiric Draining              Necromancy                   3
   d - Regeneration                   Charms/Necromancy            3
   e - Animate Dead                   Necromancy                   4
   f - Control Undead                 Necromancy                   4
 K - a book of Conjurations

   Spells                             Type                      Level
   a - Magic Dart                     Conjuration                  1
   b - Searing Ray                    Conjuration                  2
   c - Dazzling Spray                 Conjuration/Hexes            3
   d - Fulminant Prism                Conjuration/Hexes            4
   e - Force Lance                    Conjuration/Translocation    4
   f - Iskenderun's Mystic Blast      Conjuration                  4
Miscellaneous
 Z - a lightning rod (4/4)
Comestibles
 f - 8 bread rations
 D - 3 fruits
 I - 2 meat rations
 M - 7 royal jellies


   Skills:
 - Level 2.6 Fighting
 * Level 13.7 Maces & Flails
 - Level 4.0 Throwing
 + Level 10.3 Dodging
 - Level 0.6 Stealth


You had 11 spell levels left.
You didn't know any spells.

Dungeon Overview and Level Annotations

Branches:
Dungeon (11/15)            Temple (1/1) D:7             Orc (0/2) D:9
   Lair: D:8-11

Altars:
Ashenzari
Cheibriados
Dithmenos
Elyvilon
Fedhas
Gozag
Hepliaklqana
Kikubaaqudgha
Makhleb
Nemelex Xobeh
Okawaru
Qazlal
Sif Muna
Trog
Uskayaw
Vehumet
Wu Jian
Xom
Yredelemnul
Zin
The Shining One

Shops:
D:10 (

Annotations:
D:6 exclusion: black bear IceCv exclusion: 2 ice statues


Innate Abilities, Weirdness & Mutations

You are too large for most types of armour.
You have tough skin. (AC +1)


Message History

The ice statue gestures.
The ice beast misses you. The ice beast hits you.
* * * LOW HITPOINT WARNING * * *
The ice beast freezes you. You resist.
* * * LOW HITPOINT WARNING * * *
The ice beast misses you.
Okay, then.
As you read the scroll of fear, it crumbles to dust.
You assume a fearsome visage.
The ice beast looks frightened! x5
The ice statue is unaffected. x2
The ice statue gestures at you. The freezing blast engulfs you! You resist.
* * * LOW HITPOINT WARNING * * *
Okay, then.
Okay, then.
Press: ? - help, v - describe, . - travel
Here: an ice statue (freezing vapour, moderately damaged)
The floor.
You are engulfed in freezing vapours.
You resist.
You die...

#####
##...#####
##........##
#..........##
##§.§.......#§
#Y§§§§........
#§§§§....Y..
#§§§Y.Y....#
#8#@...#8###
####Y.## ##..#
##..## #..##
#...## ##...##
##...# ##...#


You could see 5 ice beasts.

Vanquished Creatures
  A hydra (D:9)
  A centaur warrior (D:9)
  A cyclops (D:8)
  2 ice devils (D:11)
  A hornet (D:10)
  2 trolls
  2 hippogriffs (D:7)
  12 yaks (D:10)
  A wyvern (D:8)
  A human (D:9)
  4 hogs (D:9)
  A hungry ghost (D:9)
  A soldier ant (D:11)
  A porcupine (D:11)
  A black bear (D:7)
  7 orc warriors
  3 ice beasts (D:8)
  An eye of draining (D:9)
  5 phantoms
  4 sky beasts
  5 ogres
  2 necrophages
  4 centaurs
  A crocodile (D:9)
  5 big kobolds
  11 bullfrogs
  A gnoll sergeant (D:9)
  3 scorpions
  6 killer bees
  17 wights
  2 howler monkeys (D:4)
  3 crimson imps
  A quasit (D:7)
  A bullfrog zombie (D:9)
  12 orc priests
  2 jellies
  2 bullfrog skeletons
  5 hounds
  18 orc wizards
  2 iguanas
  11 worker ants
  A hound zombie (D:6)
  A hound skeleton (D:8)
  A howler monkey zombie (D:10)
  3 gnolls (D:9)
  9 adders
  A howler monkey skeleton (D:8)
  A shadow imp (D:7)
  4 white imps (IceCv)
  6 ufetubi (IceCv)
  An adder zombie (D:7)
  2 adder skeletons
  A worm (D:2)
  5 dart slugs
  5 leopard geckos
  65 orcs
  8 giant cockroaches
  7 goblins
  12 hobgoblins
  13 jackals
  5 quokkas
  2 ball pythons
  11 bats
  6 frilled lizards
  2 jackal skeletons (D:4)
  27 kobolds
  A leopard gecko zombie (D:9)
  A quokka skeleton (D:7)
  A quokka zombie (D:3)
  6 rats
374 creatures vanquished.

Vanquished Creatures (others)
  A reaper (IceCv)
  2 white imps (IceCv)
  4 ufetubi (IceCv)
  A fungus (D:11)
8 creatures vanquished.

Grand Total: 382 creatures vanquished

Notes
Turn   | Place    | Note
-------+----------+-------------------------------------------
     0 | D:1      | bewbie the Ogre Hunter began the quest for the Orb.
     0 | D:1      | Reached XP level 1. HP: 22/22 MP: 1/1
   195 | D:1      | Reached XP level 2. HP: 22/29 MP: 2/2
   406 | D:1      | Reached skill level 1 in Maces & Flails
   574 | D:1      | Reached XP level 3. HP: 36/36 MP: 3/3
   985 | D:2      | Reached skill level 2 in Maces & Flails
  1152 | D:2      | Reached XP level 4. HP: 42/44 MP: 4/4
  2506 | D:3      | Reached skill level 3 in Maces & Flails
  2506 | D:3      | Reached XP level 5. HP: 50/50 MP: 5/5
  2622 | D:3      | Found a snail-covered altar of Cheibriados.
  2869 | D:3      | Noticed a big kobold
  2908 | D:3      | Killed a big kobold
  2908 | D:3      | Reached skill level 4 in Maces & Flails
  2908 | D:3      | Reached XP level 6. HP: 53/59 MP: 6/6
  3384 | D:4      | Noticed a necrophage
  3386 | D:4      | Killed a necrophage
  3386 | D:4      | Reached XP level 7. HP: 66/66 MP: 7/7
  3480 | D:4      | Reached skill level 5 in Maces & Flails
  3677 | D:4      | Got an ancient ruby amulet
  4334 | D:4      | Reached skill level 6 in Maces & Flails
  4367 | D:4      | Reached skill level 5 in Dodging
  4367 | D:4      | Reached XP level 8. HP: 53/74 MP: 8/8
  4848 | D:5      | Entered Level 5 of the Dungeon
  5512 | D:5      | Reached skill level 7 in Maces & Flails
  6442 | D:5      | Reached skill level 8 in Maces & Flails
  6617 | D:5      | Reached XP level 9. HP: 57/80 MP: 9/9
  7423 | D:6      | Found a glowing golden altar of the Shining One.
  7426 | D:6      | Found a stormy altar of Qazlal.
  7429 | D:6      | Found a bloodstained altar of Trog.
  7497 | D:6      | Found a shimmering altar of Xom.
  7862 | D:6      | Found a shattered altar of Ashenzari.
  7887 | D:6      | Reached skill level 9 in Maces & Flails
  9972 | D:8      | Found a basalt altar of Yredelemnul.
 10250 | D:8      | Reached skill level 10 in Maces & Flails
 10547 | D:8      | Reached XP level 10. HP: 74/88 MP: 10/10
 10689 | D:8      | Noticed a cyclops
 11518 | D:7      | Reached skill level 11 in Maces & Flails
 11656 | D:7      | Found a staircase to the Ecumenical Temple.
 11946 | Temple   | Entered the Ecumenical Temple
 11970 | Temple   | Became a worshipper of Warmaster Okawaru
 11971 | Temple   | Identified the amulet of Generosity {RegenMP rF+ Int+2 Dex+4 Slay+3} (You found it on level 4 of the Dungeon)
 12179 | D:8      | Killed a cyclops
 13077 | D:9      | Found a blossoming altar of Fedhas.
 13082 | D:9      | Found an ornate altar of the Wu Jian Council.
 13185 | D:9      | Noticed a centaur warrior
 13195 | D:9      | Killed a centaur warrior
 13195 | D:9      | Reached * piety under Okawaru
 13195 | D:9      | Reached skill level 12 in Maces & Flails
 13195 | D:9      | Reached XP level 11. HP: 50/96 MP: 11/11
 14472 | D:9      | Noticed a four-headed hydra
 14474 | D:9      | Killed a four-headed hydra
 14474 | D:9      | Reached ** piety under Okawaru
 15057 | D:9      | Found a staircase to the Orcish Mines.
 15147 | D:10     | Entered Level 10 of the Dungeon
 15384 | D:9      | Noticed a two-headed ogre
 15721 | D:10     | Reached *** piety under Okawaru
 15880 | D:10     | Reached skill level 13 in Maces & Flails
 16367 | D:10     | Found Hosuc's Antique Weapon Boutique.
 16471 | D:10     | Paralysed by a hornet for 2 turns
 17031 | D:10     | Reached skill level 10 in Dodging
 17525 | D:11     | Reached **** piety under Okawaru
 17823 | D:11     | Reached XP level 12. HP: 42/104 MP: 12/12
 17882 | D:11     | Found a frozen archway.
 17904 | IceCv    | Entered an ice cave
 18067 | IceCv    | Killed a reaper
 18292 | IceCv    | HP: 3/104 [ice beast[an ice statue] (7)]
 18295 | IceCv    | Engulfed by an ice statue's freezing vapour

Vault maps used:
D:1:      lightli_arrival_lavapool
D:2:      minivault_23
D:3:      nicolae_overflow_crystal_walls, first_bread, kennysheep_generic_room_9
D:5:      st_stairs_12, guppyfry_early_orc_mine
D:6:      old_standard_altar, grunt_temple_overflow_cloverleaf
D:7:      minmay_temple_entry_overgrown
D:8:      yredelemnul_altar_generic
D:9:      minitemple, erik_orc_2, grunt_livestock
D:10:     serial_shops, shop
D:11:     grunt_lair_entry_orc_guard_hut, portal_ice_cave_demonic_guard
Temple:   cyrus_circular_temple
IceCv:    ice_cave_small_demon

Skill      XL: |  1  2  3  4  5  6  7  8  9 10 11 |
---------------+----------------------------------+-----
Dodging        | 2 3 4 5 6 7 8 10 | 10.3
Maces & Flails | 1 2 3 4 6 8 10 12 13 | 13.7
Fighting       | |  2.6
Throwing       | |  4.0
Stealth        | |  0.6

Action                   |  1- 3 |  4- 6 |  7- 9 | 10-12 || total
-------------------------+-------+-------+-------+-------++-------
Melee: Short sword       |    31 |       |       |       ||    31
       Dagger            |    55 |   156 |    65 |       ||   276
       Flail             |       |       |   407 |   714 ||  1121
       Punch             |       |       |       |     1 ||     1
 Fire: Blowgun           |       |       |       |    11 ||    11
Throw: Stone             |     1 |     5 |    19 |    12 ||    37
       Large rock        |       |     8 |    19 |    17 ||    44
       Throwing net      |       |       |     5 |     1 ||     6
       Tomahawk          |       |       |    19 |    28 ||    47
Invok: Heroism           |       |       |       |     1 ||     1
Evoke: Wand              |       |       |       |    12 ||    12
  Use: Scroll            |       |     1 |     1 |     5 ||     7
       Potion            |       |       |     2 |     2 ||     4
 Stab: Sleeping          |       |     3 |       |     1 ||     4
       Distracted        |       |       |     1 |       ||     1
       Held in net/web   |       |       |     1 |       ||     1
  Eat: Chunk             |     1 |     7 |    18 |    14 ||    40
       Meat ration       |       |       |     1 |     2 ||     3
Armor: Robe              |    27 |    38 |    48 |    37 ||   150
Dodge: Dodged            |    36 |    96 |   336 |   624 ||  1092
